 Dungeon Crawl Stone Soup version 0.25-a0-194-gece12570e2 (webtiles) character file.

Game seed: 850696018454786410, levelgen mode: deterministic

307 Meatbag the Shield-Bearer (level 6, -2/39 HPs)
             Began as a Gargoyle Fighter on Nov 30, 2019.
             Slain by an orc priest
             ... wielding a +0 flail
              (8 damage)
             ... on level 4 of the Dungeon.
             The game lasted 00:07:05 (2594 turns).

Meatbag the Shield-Bearer (Gargoyle Fighter)        Turns: 2594, Time: 00:07:06

Health: -2/39      AC: 13    Str: 22    XL:     6   Next: 40%
Magic:  6/6        EV:  6    Int:  8    God:
Gold:   137        SH: 10    Dex:  9    Spells: 5/5 levels left

rFire    . . .     SeeInvis .   a - +0 war axe
rCold    . . .     Gourm    .   c - +0 shield
rNeg     + . .     Faith    .   g - +0 chain mail
rPois    ∞         Spirit   .   (no helmet)
rElec    +         Reflect  .   (no cloak)
rCorr    .         Harm     .   (no gloves)
MR       .....                  (no boots)
Stlth    ..........             (no amulet)
HPRegen  0.13/turn              (no ring)
MPRegen  0.10/turn              (no ring)

@: no status effects
A: negative energy resistance 1, electricity resistance, unbreathing,
petrification resistance, rot immunity, AC +4
a: no special abilities


You were on level 4 of the Dungeon.
You were not hungry.

You visited 1 branch of the dungeon, and saw 4 of its levels.

You collected 137 gold pieces.

Inventory:

Hand Weapons
 a - a +0 war axe (weapon)
 l - a +0 mace
Missiles
 b - 36 bolts
Armour
 c - a +0 shield (worn)
 g - a +0 chain mail (worn)
Scrolls
 e - 3 scrolls of teleportation {unknown}
 h - a scroll of enchant weapon {unknown}
 j - 2 scrolls of identify {unknown}
 m - a scroll of amnesia {unknown}
 n - 2 scrolls of enchant armour {unknown}
 o - a scroll of blinking {unknown}
Potions
 d - a potion of might
 i - a potion of heal wounds {unknown}
 k - a potion of curing {unknown}
Comestibles
 f - 12 rations
 p - 2 chunks of flesh


   Skills:
 + Level 4.3 Fighting
 * Level 3.6 Axes
 + Level 4.2 Armour
 * Level 5.2 Shields


You had 5 spell levels left.
You didn't know any spells.
Your spell library was empty.

Dungeon Overview and Level Annotations

Branches:
Dungeon (4/15)
 Temple: D:4-7

Altars:
Kikubaaqudgha
Yredelemnul


Innate Abilities, Weirdness & Mutations

You are resistant to torment.
Your stone body is resilient. (AC +4)
You are immune to poison.
You resist negative energy. (rN+)
You are resistant to electric shocks. (rElec)
You can survive without breathing.
You are immune to petrification.
You are immune to rotting.


Message History

You hit the orc.
You kill the orc!
You hit the orc priest.
The orc priest is lightly wounded.
You block the orc priest's attack.
The orc priest hits you but does no damage.
Your shield prevents you from hitting the orc priest.
You block the orc priest's attack.
You closely miss the orc priest. The orc priest barely misses you.
You barely miss the orc priest. You block the orc priest's attack.
You barely miss the orc priest. You block the orc priest's attack.
You barely miss the orc priest. You block the orc priest's attack.
You barely miss the orc priest. The orc priest barely misses you.
Your shield and chain mail prevent you from hitting the orc priest.
The orc priest hits you but does no damage.
You slash the orc priest!
The orc priest is almost dead.
You block the orc priest's attack.
The orc priest hits you with a +0 flail!
You die...

..##.##. P....... .. ...
......# ### #? #.# #
......#.#.. ....#.##.# .#
......#.#.###.#.#...?###.#
......#.......#..........##
........#.###.# ..........#
.....#....#...####.#.....#
..........#.#.÷.@oa...#
.....#..#.(.#.######..#
............#.........#
.#.##.#.#.....######.##
...##.#........# #.#
.####.#........#####o#
#####.##............o#
.....................#
.........>..##.......#


You could see a worker ant and an orc priest.

Vanquished Creatures
  An ogre (D:4)
  A crimson imp (D:4)
  A bullfrog skeleton (D:4)
  Jessica (D:2)
  An iguana (D:4)
  A worker ant (D:4)
  2 adders
  2 oozes
  An adder skeleton (D:4)
  2 worms (D:2)
  2 dart slugs (D:2)
  A leopard gecko (D:4)
  2 orcs (D:4)
  A ball python (D:1)
  4 bats
  A giant cockroach (D:2)
  2 goblins
  8 hobgoblins
  7 jackals (D:2)
  4 frilled lizards
  3 kobolds
  A quokka skeleton (D:4)
  6 rats
55 creatures vanquished.

Notes
Turn   | Place    | Note
-------+----------+-------------------------------------------
     0 | D:1      | Meatbag the Gargoyle Fighter began the quest for the Orb.
     0 | D:1      | Reached XP level 1. HP: 14/14 MP: 1/1
     2 | D:1      | Noticed a vampire
     4 | D:1      | Noticed an elf
     4 | D:1      | Noticed a gargoyle
     6 | D:1      | Noticed an ogre
     6 | D:1      | Noticed a demonspawn
     8 | D:1      | Noticed a troll
     8 | D:1      | Noticed a ghoul
    10 | D:1      | Noticed a formicid
    12 | D:1      | Noticed a felid
    14 | D:1      | Noticed an octopode
    14 | D:1      | Noticed a draconian
    16 | D:1      | Noticed a spriggan
    16 | D:1      | Noticed a minotaur
    18 | D:1      | Noticed a vine stalker
    18 | D:1      | Noticed a halfling
    20 | D:1      | Noticed a tengu
    20 | D:1      | Noticed a human
    22 | D:1      | Noticed a naga
    22 | D:1      | Noticed a demigod
    24 | D:1      | Noticed a dwarf
    24 | D:1      | Noticed a merfolk
    27 | D:1      | Noticed a centaur
   212 | D:1      | Reached XP level 2. HP: 16/19 MP: 2/2
   791 | D:2      | Reached XP level 3. HP: 18/23 MP: 3/3
  1057 | D:2      | Noticed Jessica
  1058 | D:2      | Killed Jessica
  1058 | D:2      | Reached skill level 4 in Shields
  1058 | D:2      | Reached XP level 4. HP: 29/29 MP: 4/4
  2324 | D:4      | Found an ancient bone altar of Kikubaaqudgha.
  2333 | D:4      | Reached XP level 5. HP: 32/33 MP: 5/5
  2519 | D:4      | Found a basalt altar of Yredelemnul.
  2547 | D:4      | Reached XP level 6. HP: 38/38 MP: 6/6
  2578 | D:4      | Reached skill level 5 in Shields
  2594 | D:4      | Slain by an orc priest

Levels and vault maps discovered:
D:1:      kb_arrival_jail, layout_loops_cross
D:2:      layout_basic, kennysheep_generic_room_8, uniq_jessica
D:3:      layout_basic, first_ration, minmay_strange_pillars
D:4:      layout_basic, lemuel_crystal_altar, yredelemnul_altar_generic,
          uniq_menkaure

Skill      XL: |  1  2  3  4  5  6 |
---------------+-------------------+-----
Axes           | 2 3 |  3.6
Shields        | 4 5 |  5.2
Fighting       | 4 |  4.3
Armour         | 4 |  4.2

Action                   |  1- 3 |  4- 6 || total
-------------------------+-------+-------++-------
Melee: War axe           |   118 |   135 ||   253
  Eat: Chunk             |     1 |     5 ||     6
Armor: Scale mail        |    64 |    29 ||    93
       Chain mail        |       |    44 ||    44
Dodge: Dodged            |    37 |    42 ||    79
Block: Shield            |    59 |    78 ||   137

Table legend:
 A = Non-vault XP
 B = Vault XP
 C = Vault XP percentage of total XP
 D = Non-vault monster count
 E = Vault monster count
 F = Vault count percentage of total count
                 A         B        C        D         E       F
            +---------+---------+-------+---------+---------+-------
      Total |     401 |      38 |   8.7 |      53 |       2 |   3.6
            +---------+---------+-------+---------+---------+-------
        D:1 |      28 |       0 |   0.0 |      15 |       0 |   0.0
        D:2 |      74 |      38 |  33.9 |      26 |       2 |   7.1
        D:3 |       1 |       0 |   0.0 |       1 |       0 |   0.0
        D:4 |     298 |       0 |   0.0 |      11 |       0 |   0.0
            +---------+---------+-------+---------+---------+-------
